 Dungeon Crawl Stone Soup version 0.31.0-32-g396128a36d (webtiles) character file.

Game seed: 3722745545283635147

35408 greatermn the Thaumaturge (level 13, 0/76 HPs)
             Began as a Deep Elf Conjurer on Mar 9, 2024.
             Was an Elder of Vehumet.
             Engulfed by a cloud of flame (7 damage)
             ... on level 2 of the Orcish Mines on Mar 11, 2024.
             The game lasted 03:39:00 (17785 turns).

greatermn the Thaumaturge (Deep Elf Conjurer)      Turns: 17785, Time: 03:39:00

Health: 0/76       AC:  9    Str: 13    XL:     13   Next: 47%
Magic:  30/30      EV: 34    Int: 34    God:    Vehumet [****..]
Gold:   1627       SH:  0    Dex: 13    Spells: 7/35 levels left

rFire   + + .        p - +11 Singing Sword {sonic wave}
rCold   + + .        O - sphere of Battle
rNeg    . . .        M - +1 leather armour of Rotation {rF+ Str+3 Int+5}
rPois   +            (no helmet)
rElec   +            E - +1 cloak {rC+}
rCorr   +            F - +1 pair of gloves
SInv    .            (no boots)
Will    +....        C - amulet of the acrobat
Stlth   ++           f - +5 ring of evasion
HPRegen 0.32/turn    h - ring of the Evil One {rCorr Str+6 Stlth+}
MPRegen 0.22/turn

%: acrobat
@: confused, resistant, ambrosia-drunk, acrobatic, very slightly contaminated,
invisible
A: no striking features
a: Renounce Religion


You were on level 2 of the Orcish Mines.
You worshipped Vehumet.
Vehumet was greatly pleased with you.
You visited 3 branches of the dungeon, and saw 14 of its levels.
You also visited: Sewer, Ossuary and Ice Cave.

You collected 1627 gold pieces.

Inventory:

Hand Weapons
 e - a +1 short sword of flaming
 n - the +9 eveningstar of Instant Death {elec, Dex+4}
   (You acquired it on level 5 of the Dungeon)

   Dex+4:     It affects your dexterity (+4).
 p - the +11 Singing Sword (weapon) {sonic wave}
   (You found it on level 4 of the Dungeon)
 z - a +1 longbow of freezing
Missiles
 B - 2 throwing nets
Armour
 a - a +0 robe
 y - a +1 cloak of preservation
 D - a +0 pair of boots
 E - a +1 cloak of cold resistance (worn)
 F - a +1 pair of gloves (worn)
 M - the +1 leather armour of Rotation (worn) {rF+ Str+3 Int+5}
   (You found it on level 6 of the Dungeon)

   Str+3:     It affects your strength (+3).
   Int+5:     It affects your intelligence (+5).
   rF+:       It protects you from fire.
 O - the sphere of Battle (worn)
   (You found it on level 10 of the Dungeon)

   Battle:    It summons a battlesphere in combat, with strength depending on
   Conjurations skill.
   Destructive: It enhances your destructive magic, and weakens non-destructive
   magic.
Magical Staves
 o - a staff of cold
Jewellery
 c - a ring of protection from cold
 f - a +5 ring of evasion (left hand)
 g - a +6 ring of dexterity
 h - the ring of the Evil One (right hand) {rCorr Str+6 Stlth+}
   (You found it on level 2 of the Dungeon)

   [ring of strength]

   Str+6:     It affects your strength (+6).
   rCorr:     It protects you from acid and corrosion.
   Stlth+:    It makes you more stealthy.
 x - a ring of willpower
 C - an amulet of the acrobat (around neck)
 K - an amulet of guardian spirit
Talismans
 j - a serpent talisman
Wands
 d - a wand of polymorph (2)
 G - a wand of digging (7)
 P - a wand of flame (8)
Scrolls
 i - 3 scrolls of silence
 q - 3 scrolls of fog
 w - 5 scrolls of teleportation
 L - 2 scrolls of identify
Potions
 k - 2 potions of enlightenment
 l - a potion of resistance
 m - 4 potions of lignification
 r - 2 potions of cancellation
 s - 5 potions of might
 t - 2 potions of mutation
 A - 5 potions of ambrosia
 H - 3 potions of berserk rage {unknown}


   Skills:
 * Level 7.3 Fighting
 * Level 3.2 Long Blades
 * Level 5.0 Armour
 + Level 7.7 Dodging
 + Level 8.4 Stealth
 * Level 11.8 Spellcasting
 * Level 10.5 Conjurations
 * Level 2.1 Hexes
 * Level 8.0 Translocations
 * Level 2.1 Fire Magic
 * Level 7.6 Ice Magic
 * Level 5.1 Earth Magic
 * Level 1.0 Alchemy
 * Level 7.6 Evocations
 + Level 3.6 Shapeshifting


You had 7 spell levels left.
You knew the following spells:

 Your Spells              Type           Power      Damage    Failure   Level
a - Magic Dart            Conj           100%       1d8       1%          1
b - Searing Ray           Conj           100%       2d8       1%          2
c - Iskenderun's Mystic   Conj/Tloc      90%        2d18      1%          4
d - Iskenderun's Battles  Conj           95%        2d14      1%          5
e - Bombard               Conj/Erth      42%        9d7       4%          6
f - Inner Flame           Hex/Fire       51%        N/A       1%          3
g - Ignite Poison         Fire/Alch      46%        N/A       4%          4
h - Stone Arrow           Conj/Erth      100%       3d13      1%          3

Your spell library contained the following spells:

 Spells                   Type           Power      Damage    Failure   Level
 Blink                    Tloc           74%        N/A       1%          2
 Lesser Beckoning         Tloc           74%        N/A       1%          2
 Momentum Strike          Conj/Tloc      100%       3d10      1%          2
 Frozen Ramparts          Ice            100%       1d16      1%          3
 Gell's Gravitas          Tloc           37%        N/A       1%          3
 Teleport Other           Tloc           37%        N/A       1%          3
 Fulminant Prism          Conj/Alch      36%        3d18      1%          4
 Leda's Liquefaction      Alch/Erth      10%        N/A       8%          4
 Petrify                  Alch/Erth      20%        N/A       8%          4
 Metabolic Englaciation   Hex/Ice        13%        N/A       10%         5
 Dispersal                Tloc           18%        N/A       16%         6
 Spellforged Servitor     Conj/Summ      35%        N/A       54%         7


Dungeon Overview and Level Annotations

Branches:
Dungeon (11/15)            Temple (1/1) D:5            Lair (0/5) D:11
    Orc (2/2) D:11          Sewer (visited)         Ossuary (visited)
  IceCv (visited)
    Elf: Orc:2

Altars:
Ashenzari
Cheibriados
Dithmenos
Elyvilon
Fedhas
Gozag
Hepliaklqana
Kikubaaqudgha
Makhleb
Nemelex Xobeh
Okawaru
Qazlal
Ru
Sif Muna
Trog
Uskayaw
Vehumet
Wu Jian
Xom
Yredelemnul
Zin
The Shining One
Lugonu

Annotations:
D:11 exclusion: 3 oklob plants


Message History

You resist.
You flicker for a moment.
Your battlesphere is engulfed in blazing flames. x2
You fade further into invisibility.
You resist.
Your battlesphere is engulfed in blazing flames.
You resist.
* * * LOW HITPOINT WARNING * * *
Your battlesphere is engulfed in blazing flames. x2
The orc warrior shoots an arrow.
The arrow hits you but does no damage.
The orc shoots an arrow.
You are confused.
You feel invigorated. You resist.
Your battlesphere is engulfed in blazing flames. x2
The orc warrior shoots an arrow.
The arrow hits you.
* * * LOW HITPOINT WARNING * * *
The orc shoots an arrow.
You resist.
* * * LOW HITPOINT WARNING * * *
You feel less wooden.
Your +1 cloak of cold resistance unmelds from your body.
Your +1 pair of gloves unmelds from your body.
The +1 leather armour of Rotation {rF+ Str+3 Int+5} unmelds from your body.
You feel resistant to cold.
Your battlesphere is engulfed in blazing flames. x2
You destroy your battlesphere!
The orc warrior shoots an arrow.
The arrow completely misses you.
The orc shoots an arrow.
You conjure a globe of magical energy.
You resist.
* * * LOW HITPOINT WARNING * * *
The orc warrior shoots an arrow.
The arrow barely misses you.
The orc shoots an arrow.
The arrow completely misses you.
Items here: ))) [ †.
Okay, then.
You are more confused.
You feel more invigorated. You resist.
* * * LOW HITPOINT WARNING * * *
The orc shoots an arrow.
The arrow misses you. You resist.
You die...

.$....................
........................
........................
.#............))........
#...#..##......)$)...............
#...###.......o.)...............
##.#.#.........o................
#.............)○*...............
##.#........#.#@○...............
###.......#..°☼................
#.......##....................
##.#.....##...................
#####..####..................
#....# #..................
##..#####.................
######.............).....
#............).......


You could see an orc warrior (unable to see you), an orc (unable to see you) and
a friendly battlesphere.

Vanquished Creatures
  A frost giant (IceCv)
  An orc warlord (Orc:2)
  Snorg (D:10)
  An ettin (Orc:2)
  An ogre mage (D:11)
  2 centaur warriors (Orc:2)
  3 two-headed ogres
  A boulder beetle (D:11)
  10 death yaks (IceCv)
  A manticore (D:11)
  3 cyclopes
  Maurice (D:7)
  An ice statue (IceCv)
  A kobold blastminer (Orc:2)
  A gargoyle (D:11)
  2 unseen horrors (D:11)
  4 rime drakes (IceCv)
  3 red devils (D:10)
  A queen bee (D:9)
  4 polar bears (IceCv)
  7 trolls
  A hornet (D:9)
  Grinder (D:5)
  2 shadows (D:11)
  22 yaks
  A wraith (D:10)
  A wyvern (D:11)
  3 steam dragons
  A death yak simulacrum (Orc:1)
  4 wargs (Orc:2)
  3 vampire mosquitoes (D:10)
  An acid dragon (D:10)
  A water moccasin (D:7)
  3 ice beasts
  4 black bears
  19 orc warriors
  5 ogres
  8 centaurs
  7 wolves (IceCv)
  A phantom (D:5)
  2 kobold brigands
  2 gnoll sergeants
  7 bullfrogs
  A cane toad simulacrum (Orc:1)
  7 scorpions
  A two-headed ogre simulacrum (Orc:1)
  3 wights (D:9)
  28 killer bees
  2 howler monkeys
  3 bombardier beetles
  A bullfrog zombie (Ossuary)
  6 hounds
  A sleepcap (D:5)
  2 jellies
  Crazy Yiuf (D:6)
  17 orc priests
  2 gnoll boudas
  10 mummies (Ossuary)
  Jessica (D:2)
  4 iguanas
  13 orc wizards
  2 spriggan simulacra (Orc:1)
  A polar bear simulacrum (Orc:1)
  4 crocodile zombies (Ossuary)
  2 hound zombies (Ossuary)
  3 howler monkey zombies (Ossuary)
  Robin (D:2)
  16 gnolls
  19 adders
  2 naga simulacra (Orc:1)
  3 river rats (Sewer)
  6 white imps
  A dart slug (D:4)
  7 ribbon worms
  68 orcs
  11 endoplasms
  A giant cockroach (D:2)
  9 goblins
  11 hobgoblins
  5 jackals
  6 quokkas
  20 ball pythons
  2 ball python zombies (Ossuary)
  13 bats
  7 frilled lizards
  27 kobolds
  A quokka zombie (D:7)
  21 rats
  A rat zombie (D:7)
522 creatures vanquished.

Vanquished Creatures (others)
  An orc warrior (Orc:2)
1 creature vanquished.

Grand Total: 523 creatures vanquished

Notes
Turn   | Place    | Note
-------+----------+-------------------------------------------
     0 | D:1      | greatermn the Deep Elf Conjurer began the quest for the
                  | Orb.
     0 | D:1      | Reached XP level 1. HP: 10/10 MP: 6/6
   300 | D:1      | Reached XP level 2. HP: 15/15 MP: 2/8
   748 | D:1      | Found a faded altar of an unknown god.
  1021 | D:2      | Reached XP level 3. HP: 17/19 MP: 7/10
  1217 | D:2      | Learned a level 2 spell: Searing Ray
  1266 | D:2      | Reached XP level 4. HP: 5/24 MP: 1/11
  1376 | D:2      | Identified the ring of the Evil One {rCorr Str+6 Stlth+}
  1389 | D:2      | Reached skill level 4 in Spellcasting
  1487 | D:2      | Reached skill level 5 in Conjurations
  1489 | D:2      | Reached skill level 1 in Fighting
  1515 | D:2      | Noticed Robin
  1537 | D:2      | Killed Robin
  1755 | D:2      | Noticed Jessica
  1761 | D:2      | Killed Jessica
  1762 | D:2      | Reached XP level 5. HP: 29/29 MP: 9/13
  2367 | D:3      | Found a broken altar of Ashenzari.
  3108 | D:4      | Found a glowing drain.
  3126 | D:4      | Reached skill level 5 in Spellcasting
  3126 | D:4      | Reached XP level 6. HP: 35/35 MP: 6/15
  3245 | Sewer    | Entered a sewer
  3817 | Sewer    | Reached XP level 7. HP: 18/40 MP: 0/17
  4218 | D:4      | You fall into a shaft and drop 3 floors!
  4218 | D:7      | Found a shimmering blue altar of Sif Muna.
  4232 | D:7      | Reached skill level 6 in Spellcasting
  4301 | D:7      | Noticed Maurice
  4401 | D:7      | Reached skill level 5 in Stealth
  4401 | D:7      | Reached XP level 8. HP: 46/46 MP: 10/20
  4536 | D:7      | Reached skill level 7 in Spellcasting
  4686 | D:7      | Something stole a +6 ring of dexterity
  4688 | D:7      | HP: 1/47 [something (7)]
  4796 | D:8      | Learned a level 4 spell: Iskenderun's Mystic Blast
  4891 | D:7      | Something stole 196 gold
  4892 | D:7      | HP: 2/47 [something (7)]
  4893 | D:7      | Killed Maurice
  4894 | D:7      | Reached skill level 5 in Dodging
  4894 | D:7      | Reached skill level 1 in Translocations
  4894 | D:7      | Reached skill level 1 in Ice Magic
  4894 | D:7      | Reached skill level 1 in Evocations
  4911 | D:7      | Found a sand-covered staircase.
  4949 | Ossuary  | Entered an ossuary
  5854 | D:7      | Reached XP level 9. HP: 52/52 MP: 17/22
  6069 | D:5      | Entered Level 5 of the Dungeon
  6069 | D:5      | Noticed Grinder
  6079 | D:5      | Killed Grinder
  6331 | D:5      | Reached skill level 8 in Spellcasting
  6509 | D:5      | Found a staircase to the Ecumenical Temple.
  6525 | Temple   | Entered the Ecumenical Temple
  7380 | D:5      | Identified a scroll of acquirement
  7380 | D:5      | Acquired the +9 eveningstar of Instant Death {elec, Dex+4}
  7597 | D:4      | Found the +11 Singing Sword {sonic wave}
  8804 | D:6      | Found a runed translucent door.
  8805 | D:6      | Noticed Crazy Yiuf
  8811 | D:6      | Killed Crazy Yiuf
  8886 | D:6      | Found a burning altar of Makhleb.
  9065 | D:6      | Learned a level 5 spell: Iskenderun's Battlesphere
  9141 | D:6      | Reached XP level 10. HP: 53/58 MP: 2/24
  9202 | D:6      | Reached skill level 5 in Fighting
  9537 | D:6      | Found a white marble altar of Elyvilon.
  9544 | D:6      | Found a glowing golden altar of the Shining One.
  9552 | D:6      | Found a sacrificial altar of Ru.
  9560 | D:6      | Found an opulent altar of Gozag.
  9588 | D:6      | Found a shadowy altar of Dithmenos.
  9596 | D:6      | Found a blossoming altar of Fedhas.
  9601 | D:6      | Found a glowing silver altar of Zin.
  9748 | D:6      | Identified the +1 leather armour of Rotation {rF+ Str+3
                  | Int+5}
 10210 | D:7      | Identified the +0 leather armour of Egish {Fly}
 11352 | D:8      | Reached skill level 9 in Spellcasting
 11514 | D:9      | Reached skill level 1 in Armour
 11609 | D:9      | Found an ornate altar of the Wu Jian Council.
 11812 | D:9      | Reached skill level 1 in Shapeshifting
 12021 | D:9      | Reached skill level 5 in Translocations
 12035 | D:9      | Reached skill level 5 in Evocations
 12043 | D:9      | Reached skill level 5 in Ice Magic
 12334 | D:9      | Found a shimmering altar of Xom.
 12335 | D:9      | Found a shimmering altar of Xom.
 12340 | D:9      | Found a shimmering altar of Xom.
 12679 | D:9      | Learned a level 6 spell: Bombard
 12680 | D:10     | Entered Level 10 of the Dungeon
 12695 | D:10     | Reached XP level 11. HP: 50/64 MP: 13/26
 13002 | D:10     | Noticed Snorg
 13014 | D:10     | Killed Snorg
 13015 | D:10     | Reached skill level 1 in Earth Magic
 13260 | D:10     | Noticed a two-headed ogre
 13269 | D:10     | Killed a two-headed ogre
 13364 | D:10     | Found the sphere of Battle
 13509 | D:10     | Found a radiant altar of Vehumet.
 13517 | D:10     | Reached skill level 10 in Spellcasting
 13523 | D:10     | Became a worshipper of Vehumet
 13945 | D:11     | Noticed an ogre mage
 13962 | D:11     | Killed an ogre mage
 14000 | D:11     | Noticed a boulder beetle
 14016 | D:11     | Killed a boulder beetle
 14208 | D:11     | Noticed an oklob plant
 14208 | D:11     | Noticed an oklob plant
 14209 | D:11     | Noticed an oklob plant
 14344 | D:11     | Noticed a two-headed ogre
 14352 | D:11     | Killed a two-headed ogre
 14362 | D:11     | Found a staircase to the Orcish Mines.
 14368 | D:11     | Reached * piety under Vehumet
 14368 | D:11     | Offered knowledge of Kiss of Death by Vehumet.
 14715 | D:11     | Reached XP level 12. HP: 70/70 MP: 19/28
 15487 | Orc:1    | Entered Level 1 of the Orcish Mines
 15487 | Orc:1    | Found a frozen archway.
 15638 | IceCv    | Entered an ice cave
 15643 | IceCv    | Reached ** piety under Vehumet
 15648 | IceCv    | Offered knowledge of Foxfire by Vehumet.
 15716 | IceCv    | Noticed a death yak
 15721 | IceCv    | Killed a death yak
 15722 | IceCv    | Reached skill level 1 in Long Blades
 15802 | IceCv    | Reached skill level 11 in Spellcasting
 15802 | IceCv    | Reached skill level 10 in Conjurations
 15994 | IceCv    | Noticed a death yak
 16000 | IceCv    | Killed a death yak
 16038 | IceCv    | Noticed a death yak
 16039 | IceCv    | Noticed a death yak
 16045 | IceCv    | Noticed a death yak
 16048 | IceCv    | Noticed a death yak
 16057 | IceCv    | Killed a death yak
 16057 | IceCv    | Killed a death yak
 16058 | IceCv    | Killed a death yak
 16067 | IceCv    | Killed a death yak
 16209 | IceCv    | Noticed a frost giant
 16209 | IceCv    | Noticed a death yak
 16214 | IceCv    | Offered knowledge of Inner Flame by Vehumet.
 16214 | IceCv    | Killed a death yak
 16217 | IceCv    | Killed a frost giant
 16471 | IceCv    | Noticed a death yak
 16477 | IceCv    | Noticed a death yak
 16478 | IceCv    | Noticed a death yak
 16483 | IceCv    | Killed a death yak
 16483 | IceCv    | Killed a death yak
 16484 | IceCv    | Reached XP level 13. HP: 76/76 MP: 18/30
 16730 | IceCv    | Learned a level 3 spell: Inner Flame
 16749 | Orc:1    | Reached *** piety under Vehumet
 17015 | Orc:1    | Found a burning altar of Makhleb.
 17081 | Orc:2    | Entered Level 2 of the Orcish Mines
 17116 | Orc:2    | Found a burning altar of Makhleb.
 17250 | Orc:2    | Noticed an orc warlord
 17251 | Orc:2    | Offered knowledge of Ignite Poison by Vehumet.
 17253 | Orc:2    | Reached skill level 1 in Fire Magic
 17262 | Orc:2    | Killed an orc warlord
 17263 | Orc:2    | Reached skill level 1 in Hexes
 17412 | Orc:2    | Reached skill level 5 in Earth Magic
 17419 | Orc:2    | Learned a level 4 spell: Ignite Poison
 17461 | Orc:2    | Noticed an ettin
 17471 | Orc:2    | Killed an ettin
 17471 | Orc:2    | Reached **** piety under Vehumet
 17561 | Orc:2    | Offered knowledge of Stone Arrow by Vehumet.
 17576 | Orc:2    | Learned a level 3 spell: Stone Arrow
 17698 | Orc:2    | Reached skill level 5 in Armour
 17754 | Orc:2    | Reached skill level 1 in Alchemy
 17784 | Orc:2    | HP: 2/76 [something (8)]
 17785 | Orc:2    | Engulfed by a cloud of flame

Illustrated notes

Levels and vault maps discovered:
D:1:      dpeg_arrival_water_fire, layout_rooms, basic_ecumenical_altar,
          chequers_jeans
D:2:      cheibrodos_helix_gallery, layout_basic, uniq_robin, uniq_jessica
D:3:      wander_river, layout_loops_corners,
          mainiacjoe_overflow_small_starburst
D:4:      old_forge, layout_basic, cheibrodos_sewer_entry_sluice
D:5:      kennysheep_kobold_camp, layout_basic, minmay_temple_entry_junction,
          serial_glass, glass_columns_a, glass_columns_a,
          minmay_strange_pillars, due_unseen_surprise, item_on_display_b,
          minmay_circle_x, uniq_grinder
D:6:      layout_basic, grunt_temple_overflow_octagram,
          mainiacjoe_overflow_six_doors_small, minivault_11,
          minmay_starry_boxes, uniq_crazy_yiuf_cottage
D:7:      layout_basic, hellmonk_sif_muna_bookshelves, enter_ossuary_4,
          small_statue_intersection, minmay_misc_feat_encased, uniq_maurice
D:8:      layout_loops_ring, serial_co_window_serial, co_window_paths_b,
          co_window_paths_b, co_window_paths_a, co_window_of_opportunity_a,
          co_window_paths_b, co_window_paths_a, co_window_corner_a,
          co_window_cross_2, co_window_corner_b, co_window_broadway_c,
          co_window_unsneaky_path_b, co_window_unsneaky_path_a,
          co_window_cross_4, glass_columns_a, glass_columns_b, glass_columns_c,
          glass_columns_b
D:9:      layout_roguey [special_room_bee], xom_redecorated,
          nicolae_overflow_crystal_walls
D:10:     layout_roguey, nicolae_vehumet_altar_sigil,
          einodemon_armed_red_devil_minivault, uniq_snorg
D:11:     cheibrodos_elevator_heist, layout_loops_cross, dpeg_oklobed_lair,
          david_orc_5
Temple:   corrupted_temple
Orc:1:    layout_caves, portal_ice_cave_entry_ice_simulacra, basic_altar
Orc:2:    st_orc_rangers, layout_diamond_mine, basic_altar

Skill      XL: |  1  2  3  4  5  6  7  8  9 10 11 12 13 |
---------------+----------------------------------------+-----
Stealth        | 3 4 5 6 7 8 |  8.4
Dodging        | 3 4 5 6 7 |  7.7
Spellcasting   | 4 5 6 7 8 9 10 11 | 11.8
Conjurations   | 5 6 7 8 9 10 | 10.5
Fighting       | 1 2 3 4 5 6 7 |  7.3
Translocations | 2 4 5 6 7 8 |  8.0
Ice Magic      | 2 4 5 6 7 |  7.6
Evocations     | 2 3 5 6 7 |  7.6
Armour         | 2 3 4 5 |  5.0
Shapeshifting  | 1 2 3 |  3.6
Earth Magic    | 3 4 5 |  5.1
Long Blades    | 2 3 |  3.2
Fire Magic     | 2 |  2.1
Hexes          | 2 |  2.1
Alchemy        | 1 |  1.0

Action                     |  1- 3 |  4- 6 |  7- 9 | 10-12 | 13-15 || total
---------------------------+-------+-------+-------+-------+-------++-------
  Melee: Unarmed           |    12 |       |       |       |       ||    12
         Short sword       |       |     8 |       |       |       ||     8
         Staff             |       |       |       |     8 |       ||     8
         Double sword      |       |       |       |     7 |     1 ||     8
         Eveningstar       |       |       |       |     2 |       ||     2
   Cast: Magic Dart        |    56 |   148 |   107 |    17 |     4 ||   332
         Searing Ray       |     3 |    11 |    94 |   142 |    42 ||   292
         Iskenderun's Myst |       |       |     4 |    20 |     4 ||    28
         Iskenderun's Batt |       |       |       |     2 |       ||     2
         Inner Flame       |       |       |       |       |     7 ||     7
         Bombard           |       |       |       |       |     3 ||     3
         Stone Arrow       |       |       |       |       |     2 ||     2
  Evoke: Wand              |       |       |     5 |    25 |     6 ||    36
    Use: Potion            |       |     1 |     6 |     8 |    15 ||    30
         Scroll            |       |     6 |    20 |     9 |     2 ||    37
 Armour: Robe              |    21 |    11 |    50 |     1 |       ||    83
         Leather armour    |       |       |       |    78 |    23 ||   101
         Skin              |       |       |       |    25 |    29 ||    54
  Dodge: Dodged            |    35 |    49 |   102 |   281 |    65 ||   532
